 Dungeon Sprint DCSS version 0.17-a0-2002-g92c7e20 (webtiles) character file.

2088 Kidiri the Covert (level 9, -1/39 HPs)
             Began as a Spriggan Enchanter on Oct 8, 2015.
             Was a Priest of Dithmenos.
             Shot with an arrow by a centaur warrior (21 damage)
             ... in the Dungeon (Sprint III: "The Ten Rune Challenge").
             The game lasted 00:07:42 (1215 turns).

Kidiri the Covert (Spriggan Enchanter)              Turns: 1215, Time: 00:07:43

Health: -1/39      AC:  5    Str:  4    XL:     9   Next: 6%
Magic:  3/23       EV: 29    Int: 20    God:    Dithmenos [***...]
Gold:   16         SH:  0    Dex: 20    Spells: 8 memorised, 3 levels left

rFire  . . .     SeeInvis +     a - +1 dagger
rCold  . . .     Clarity  .     b - +2 robe
rNeg   . . .     SustAt   .     (shield restricted)
rPois  .         Gourm    .     (helmet restricted)
rElec  .         Spirit   .     (no cloak)
rCorr  .         Warding  .     (gloves unavailable)
rMut   .         NoTele   +     (boots unavailable)
MR     +....                    (no amulet)
Stlth  +++++++++.               (no ring)
                                (no ring)

@: wreathed by umbra, very quick, somewhat resistant to hostile enchantments,
incredibly stealthy
A: unfitting armour, antennae 1, icy blue scales 1, see invisible, agile 1,
clever 1, herbivore 3, speed 3, slow metabolism 2
a: Shadow Step, Renounce Religion


You were in the Dungeon.
You worshipped Dithmenos.
Dithmenos was most pleased with you.
You were not hungry.

You visited 1 branch You collected 16 gold pieces.

Inventory:

Hand Weapons
 a - a +1 dagger (weapon)
Armour
 b - a +2 robe (worn)
Wands
 k - a wand of magic darts (37)
Scrolls
 j - a scroll of blinking
 m - a scroll of holy word
 o - a scroll of enchant weapon {unknown}
 r - a scroll of immolation {unknown}
 s - a scroll of amnesia {unknown}
 t - a scroll of remove curse {unknown}
Potions
 e - a potion of curing
 f - 2 potions of heal wounds
 g - a potion of haste
 h - 2 potions of magic
 i - a potion of might
 q - 4 potions of flight
 u - 2 potions of cure mutation {unknown}
Books
 l - a book of Burglary

   Spells                             Type                      Level
   a - Swiftness                      Charms/Air                   2
   b - Passwall                       Transmutation/Earth          3
   c - Passage of Golubria            Translocation                4
   d - Lee's Rapid Deconstruction     Earth                        5
   e - Darkness                       Hexes                        6
   f - Invisibility                   Hexes                        6
Comestibles
 d - a bread ration
 p - 2 royal jellies


   Skills:
 * Level 8.6 Short Blades
 + Level 4.1 Armour
 * Level 11.5 Dodging
 * Level 12.9 Stealth
 * Level 9.9 Spellcasting
 + Level 3.8 Conjurations
 + Level 7.5 Hexes
 + Level 5.1 Translocations
 + Level 4.6 Transmutations
 + Level 4.2 Ice Magic
 + Level 3.1 Earth Magic
 - Level 3.0 Invocations


You had 3 spell levels left.
You knew the following spells:

 Your Spells              Type           Power        Failure   Level  Hunger
a - Corona                Hex            #####..      1%          1    None
b - Ensorcelled Hibernat  Hex/Ice        ####..       1%          2    None
c - Confuse               Hex            #####...     1%          3    None
d - Tukima's Dance        Hex            #####...     1%          3    None
e - Dazzling Spray        Conj/Hex       ####....     1%          3    None
f - Passwall              Trmt/Erth      ####......   6%          3    None
g - Passage of Golubria   Tloc           N/A          10%         4    ##.....
h - Lee's Rapid Deconstr  Erth           ###.......   58%         5    #####..


Dungeon Overview and Level Annotations

Branches:
Dungeon (1/1)

Altars:
Cheibriados
Dithmenos
Elyvilon
Fedhas
Gozag
Kikubaaqudgha
Makhleb
Nemelex Xobeh
Okawaru
Qazlal
Ru
Sif Muna
Trog
Vehumet
Xom
Yredelemnul
Zin
The Shining One
Jiyva
Lugonu


Innate Abilities, Weirdness & Mutations

You are tiny and cannot use many weapons and most armour.
You have supernaturally acute eyesight.
You are a herbivore.
You cover ground extremely quickly.
You need consume almost no food.
You have a pair of small antennae on your head.
You are partially covered in icy blue scales (AC +1).
You are agile. (Dex +2)
Your mind is acute. (Int +2)


Message History

Your experience leads to an increase in your attributes!
Your base attributes are Str 4, Int 17, Dex 18.
Increase (S)trength, (I)ntelligence, or (D)exterity?
You feel clever.
You hit the centaur.
The centaur is severely wounded.
You hit the centaur.
The centaur is almost dead.
The centaur warrior wields a shortbow.
The centaur warrior shoots an arrow.
The arrow barely misses you.
The centaur unwields an uncursed shortbow.
The centaur completely misses you.
You strike the helpless centaur from behind!
You perforate the centaur like a sieve!!!
You kill the centaur!
Dithmenos accepts your kill.
You now sometimes bleed smoke when heavily injured by enemies.
The centaur warrior shoots an arrow.
The arrow hits you!!
Ouch! That really hurt!
You die...

######## #__.#__#
#...#._# #+###+##
.......# .......#
######'#
#__#...#+#############
#__#...#..§§§'.#@(..c+
#__#...#.#§§§#.#)#...#
#__#...'.#§§§#.#.#...#
#_.+...#.#.§.#...#...#
▓▓▓▓▓▓▓▓▓▓▓▓▓▓▓▓▓▓▓▓▓#
{ {


You could see a centaur warrior (blind).

Vanquished Creatures
  Snorg (D)
  A deep elf priest (D)
  A shadow (D)
  A spatial vortex (D)
  A necrophage (D)
  2 centaurs (D)
  An earth elemental (D)
  A water elemental (D)
  A jelly (D)
  A wizard (D)
  A necromancer (D)
  Jessica (D)
  A kobold demonologist (D)
  3 humans (D)
  An ooze (D)
  A phantom (D)
  2 rats (D)
21 creatures vanquished.

Vanquished Creatures (others)
  2 draconian scorchers (D)
  A hydra (D)
  A yaktaur (D)
  3 plants (D)
7 creatures vanquished.

Grand Total: 28 creatures vanquished

Notes
Turn   | Place    | Note
--------------------------------------------------------------
     0 | D        | Kidiri the Spriggan Enchanter began the quest for the Orb.
     0 | D        | Reached XP level 1. HP: 9/9 MP: 5/5
     4 | D        | Reached skill level 5 in Stealth
     9 | D        | Noticed Jessica
    14 | D        | Killed Jessica
    14 | D        | Reached skill level 1 in Armour
    14 | D        | Reached skill level 5 in Dodging
    14 | D        | Reached skill level 6 in Stealth
    14 | D        | Reached XP level 2. HP: 13/13 MP: 6/8
    14 | D        | Reached XP level 3. HP: 16/16 MP: 6/9
    18 | D        | Learned a level 2 spell: Ensorcelled Hibernation
    22 | D        | Learned a level 3 spell: Confuse
    26 | D        | Learned a level 3 spell: Dazzling Spray
   202 | D        | Gained mutation: You are agile. (Dex +2) [potion of mutation]
   203 | D        | Gained mutation: You have a pair of small antennae on your head. [potion of mutation]
   203 | D        | Gained mutation: Your mind is acute. (Int +2) [potion of mutation]
   203 | D        | Gained mutation: You are partially covered in icy blue scales (AC +1). [potion of mutation]
   212 | D        | Killed a white draconian scorcher
   235 | D        | Noticed a water elemental
   237 | D        | Killed a water elemental
   237 | D        | Reached skill level 7 in Stealth
   237 | D        | Reached skill level 5 in Spellcasting
   237 | D        | Reached skill level 1 in Conjurations
   237 | D        | Reached skill level 1 in Ice Magic
   237 | D        | Reached XP level 4. HP: 21/21 MP: 12/12
   242 | D        | Learned a level 3 spell: Tukima's Dance
   251 | D        | Noticed a jelly
   252 | D        | Noticed a shadow
   286 | D        | Killed a shadow
   286 | D        | Reached skill level 5 in Short Blades
   286 | D        | Reached skill level 9 in Stealth
   286 | D        | Reached skill level 5 in Hexes
   286 | D        | Reached XP level 5. HP: 24/24 MP: 2/15
   447 | D        | Killed a jelly
   447 | D        | Reached XP level 6. HP: 28/28 MP: 13/16
   451 | D        | Killed a yaktaur
   468 | D        | Found a stormy altar of Qazlal.
   469 | D        | Found a sacrificial altar of Ru.
   469 | D        | Found a burning altar of Makhleb.
   469 | D        | Found a viscous altar of Jiyva.
   469 | D        | Found a shimmering altar of Xom.
   469 | D        | Found a shadowy altar of Dithmenos.
   469 | D        | Found a sparkling altar of Nemelex Xobeh.
   469 | D        | Found a corrupted altar of Lugonu.
   469 | D        | Found an opulent altar of Gozag.
   469 | D        | Noticed a spatial vortex
   473 | D        | Became a worshipper of Dithmenos the Shadowed
   487 | D        | Killed a spatial vortex
   487 | D        | Reached skill level 10 in Stealth
   487 | D        | Reached skill level 1 in Invocations
   510 | D        | Killed a seven-headed hydra
   524 | D        | Killed a white draconian scorcher
   599 | D        | Found a radiant altar of Vehumet.
   600 | D        | Found a deep blue altar of Sif Muna.
   600 | D        | Found an ancient bone altar of Kikubaaqudgha.
   600 | D        | Noticed a wizard
   601 | D        | Killed a wizard
   659 | D        | Learned a level 3 spell: Passwall
   664 | D        | Learned a level 4 spell: Passage of Golubria
   679 | D        | Found a glowing silver altar of Zin.
   680 | D        | Found a glowing golden altar of the Shining One.
   680 | D        | Found a white marble altar of Elyvilon.
   680 | D        | Noticed a deep elf priest
   682 | D        | Killed a deep elf priest
   682 | D        | Reached skill level 11 in Stealth
   682 | D        | Reached skill level 1 in Earth Magic
   682 | D        | Reached XP level 7. HP: 32/32 MP: 17/19
   698 | D        | Found an iron altar of Okawaru.
   699 | D        | Found a bloodstained altar of Trog.
   699 | D        | Noticed a human
   699 | D        | Noticed a human
   701 | D        | Killed a human
   701 | D        | Reached skill level 10 in Dodging
   702 | D        | Killed a human
   702 | D        | Acquired Dithmenos's first power
   777 | D        | Found a basalt altar of Yredelemnul.
   777 | D        | Found a snail-covered altar of Cheibriados.
   777 | D        | Found a blossoming altar of Fedhas.
   777 | D        | Noticed a necrophage
   777 | D        | Noticed a necromancer
   787 | D        | Killed a necromancer
   801 | D        | Killed a necrophage
   801 | D        | Reached XP level 8. HP: 32/36 MP: 2/21
   848 | D        | Learned a level 5 spell: Lee's Rapid Deconstruction
   938 | D        | Noticed Snorg
   942 | D        | Killed Snorg
   942 | D        | Reached skill level 12 in Stealth
  1025 | D        | Noticed an earth elemental
  1080 | D        | Killed an earth elemental
  1199 | D        | Noticed a centaur
  1199 | D        | Noticed a centaur warrior
  1199 | D        | Noticed a centaur
  1212 | D        | Killed a centaur
  1212 | D        | Reached skill level 5 in Translocations
  1212 | D        | Reached XP level 9. HP: 19/39 MP: 2/23
  1215 | D        | Killed a centaur
  1215 | D        | Acquired Dithmenos's second power
  1215 | D        | Shot with an arrow by a centaur warrior

Vault maps used:
D:        dungeon_sprint_mu

Action                   |  1- 3 |  4- 6 |  7- 9 || total
-------------------------+-------+-------+-------++-------
Melee: Dagger            |    19 |    17 |    41 ||    77
 Cast: Corona            |     3 |       |       ||     3
       Dazzling Spray    |       |     9 |    18 ||    27
       Ensorcelled Hiber |       |     1 |     6 ||     7
       Confuse           |       |       |     1 ||     1
  Use: Scroll            |     3 |       |       ||     3
       Potion            |     2 |     1 |     1 ||     4
 Stab: Sleeping          |     5 |     4 |     3 ||    12
       Invisible         |       |       |     3 ||     3
       Confused          |       |       |     1 ||     1
